 Dungeon Crawl Stone Soup version 0.25.0-15-gac7dcb8919 (console) character file.

Game seed: 9193598036664876584

51 bli the Ruffian (level 3, -1/28 HPs)
             Began as a Draconian Transmuter on June 28, 2020.
             Slain by a gnoll
             ... wielding a +0 spear
              (4 damage)
             ... on level 2 of the Dungeon.
             The game lasted 00:04:35 (1333 turns).

bli the Ruffian (Draconian Transmuter)              Turns: 1333, Time: 00:04:35

Health: -1/28      AC:  6    Str: 13    XL:     3   Next: 58%
Magic:  5/6        EV: 12    Int: 13    God:
Gold:   83         SH:  0    Dex: 11    Spells: 3/6 levels left

rFire    . . .     SeeInvis .     - Unarmed
rCold    . . .     Gourm    .   (no shield)
rNeg     . . .     Faith    .   (armour unavailable)
rPois    .         Spirit   .   (helmet restricted)
rElec    .         Reflect  .   e - +0 cloak
rCorr    .         Harm     .   (no gloves)
MR       .....                  (boots currently unavailable)
Stlth    +.........             (no amulet)
HPRegen  0.09/turn              (no ring)
MPRegen  0.10/turn              (no ring)

@: appendage
A: unfitting armour, talons 3, cold-blooded, AC +5
a: End Transformation


You were on level 2 of the Dungeon.
You were not hungry.
You had grown temporary talons.
You visited 1 branch of the dungeon, and saw 2 of its levels.

You collected 83 gold pieces.

Inventory:

Missiles
 a - 29 arrows
 k - 63 stones
 n - 4 poisoned darts (quivered)
Armour
 e - a +0 cloak (worn)
Scrolls
 d - 2 scrolls of enchant armour {unknown}
 f - 3 scrolls of amnesia {unknown}
 g - 4 scrolls of remove curse {unknown}
 i - 3 scrolls of teleportation {unknown}
 m - a scroll of identify {unknown}
Potions
 h - a potion of stabbing {unknown}
 j - a potion of degeneration {unknown}
 l - a potion of cancellation {unknown}
 o - a potion of berserk rage {unknown}
Comestibles
 b - a chunk of flesh
 c - 4 rations


   Skills:
 + Level 1.1 Fighting
 + Level 1.7 Dodging
 * Level 4.6 Unarmed Combat
 - Level 2.0 Spellcasting
 - Level 2.0 Transmutations


You had 3 spell levels left.
You knew the following spells:

 Your Spells              Type           Power        Failure   Level  Hunger
a - Beastly Appendage     Tmut           #.....       11%         1    ##.....
b - Sticks to Snakes      Tmut           #.......     17%         2    ###....

Your spell library contained the following spells:

 Spells                   Type           Power        Failure   Level  Hunger
 Spider Form              Tmut/Pois      #.........   45%         3    ####...
 Ice Form                 Ice/Tmut       #.......     86%         4    #####..
 Blade Hands              Tmut           #.........   97%         5    ######.


Dungeon Overview and Level Annotations

Branches:
Dungeon (2/15)

Altars:
Yredelemnul
Zin


Innate Abilities, Weirdness & Mutations

Your plain brown scales are hard. (AC +5)
You cannot fit into any form of body armour.
You are cold-blooded and may be slowed by cold attacks.
You have claws for feet.


Message History

You throw a poisoned dart. The poisoned dart hits the gnoll.
The gnoll is lightly wounded.
Throwing (i - inventory. (/) - cycle)
n - 5 poisoned darts (quivered)
Press: ? - help, Shift-Dir - straight line, f/p - gnoll
Aim: a gnoll, wielding a +0 spear (lightly wounded)
You throw a poisoned dart. The poisoned dart hits the gnoll.
The gnoll is poisoned.
The gnoll is lightly wounded.
The gnoll closely misses you.
Casting: Sticks to Snakes (safe; 17% risk of failure)
Confirm with . or Enter, or press ? or * to list all spells.
Your feet morph into talons.
The gnoll hits you from afar with a +0 spear!
* * * LOW HITPOINT WARNING * * *
The gnoll hits you with a +0 spear.
* * * LOW HITPOINT WARNING * * *
The gnoll completely misses you.
You closely miss the gnoll.
The gnoll is almost dead.
The gnoll looks more healthy.
The gnoll hits you with a +0 spear.
You die...

#..............#
#..#
#..............#
#####
#..............#
####..#
##......).....##
#....##
##..........##
#.#..###
########.###
#(.....### #..#
#..###.(.# ##.#
#######(## ###..
#.# ##....(..#
##.
#.####g.####..#
## #....@g##
##.## ########
##..#####..#
#..#......#
#....######
######


You could see 2 gnolls.

Vanquished Creatures
  A gnoll (D:2)
  An ooze (D:1)
  3 dart slugs
  5 goblins
  4 hobgoblins
  3 jackals (D:1)
  4 kobolds (D:1)
  7 bats (D:1)
  A frilled lizard (D:1)
29 creatures vanquished.

Vanquished Creatures (others)
  5 toadstools (D:1)
5 creatures vanquished.

Grand Total: 34 creatures vanquished

Notes
Turn   | Place    | Note
-------+----------+-------------------------------------------
     0 | D:1      | bli the Draconian Transmuter began the quest for the Orb.
     0 | D:1      | Reached XP level 1. HP: 16/16 MP: 3/3
   226 | D:1      | Reached XP level 2. HP: 23/23 MP: 3/5
   230 | D:1      | Learned a level 2 spell: Sticks to Snakes
   366 | D:1      | Reached skill level 4 in Unarmed Combat
   508 | D:1      | Reached XP level 3. HP: 28/28 MP: 4/6
   884 | D:2      | Found a basalt altar of Yredelemnul.
   884 | D:2      | Found a glowing silver altar of Zin.
  1333 | D:2      | Slain by a gnoll

Illustrated notes

Levels and vault maps discovered:
D:1:      ldierk_walled_garden, layout_loops_ring, hangedman_decor_riveting,
          minmay_fountain_box, minmay_quantized
D:2:      layout_rooms, nicolae_overflow_hidden_temple,
          nicolae_overflow_quartered_altars, gammafunk_temple_overflow_wave,
          minmay_tetromino_l2

Skill      XL: |  1  2 |
---------------+-------+-----
Unarmed Combat | 4 |  4.6
Fighting       | |  1.1
Dodging        | |  1.7
Spellcasting   | |  2.0
Transmutations | |  2.0

Action                   || total
-------------------------++-------
Melee: Unarmed           ||   104
       Tailslap          ||     4
       Headbutt          ||     2
       Kick              ||     9
       Punch             ||     1
Throw: Dart              ||     4
 Cast: Beastly Appendage ||    12
       Sticks to Snakes  ||     1
  Eat: Chunk             ||     2
Armor: Skin              ||    39
Dodge: Dodged            ||    75
